 Dungeon Crawl Stone Soup version 0.25.0-9-g26727b657a (webtiles) character file.

Game seed: 3013035612839838963

2331 Canard the Tainter (level 9, -7/61 HPs)
             Began as an Octopode Venom Mage on June 16, 2020.
             Was a Believer of Vehumet.
             Mangled by a wyvern (16 damage)
             ... on level 6 of the Dungeon.
             The game lasted 00:30:26 (8465 turns).

Canard the Tainter (Octopode Venom Mage)            Turns: 8465, Time: 00:30:27

Health: -7/61      AC:  2    Str: 10    XL:     9   Next: 42%
Magic:  2/13       EV: 16    Int: 22    God:    Vehumet [**....]
Gold:   408        SH:  0    Dex: 11    Spells: 1/14 levels left

rFire    . . .     SeeInvis .   y - +0 broad axe "Ofistrulia" {freeze, rN+ Str+3}
rCold    + . .     Gourm    .   A - +0 buckler of Yzasen {+Fly rC+ Dex-2} (curse)
rNeg     + + .     Faith    .   p - +1 hat
rPois    .         Spirit   .   (no amulet)
rElec    .         Reflect  .   z - ring of positive energy
rCorr    .         Harm     .   (no ring)
MR       .....                  (no ring)
Stlth    ++........             (no ring)
HPRegen  0.20/turn              (no ring)
MPRegen  0.13/turn              (no ring)
                                (no ring)
                                (no ring)

@: confused, very slightly contaminated, hasted, very quick
A: almost no armour, stealthy swim, amphibious, 8 rings, constrict 8, camouflage
1, clever 1, robust 1, wild magic 1, gelatinous body 1
a: Renounce Religion, Evoke Flight


You were on level 6 of the Dungeon.
You worshipped Vehumet.
Vehumet was pleased with you.
You were not hungry.

You visited 2 branches of the dungeon, and saw 7 of its levels.
You also visited: Ossuary.

You collected 408 gold pieces.

Inventory:

Hand Weapons
 d - a +0 dagger of freezing
   (You found it on level 1 of the Dungeon)
 i - a +1 dagger of freezing
   (You took it off a goblin on level 1 of the Dungeon)
 k - a cursed -1 whip
   (You found it on level 1 of the Dungeon)
 y - the +0 broad axe "Ofistrulia" (weapon) {freeze, rN+ Str+3}
   (You found it on level 5 of the Dungeon)

   It has been specially enchanted to freeze those struck by it, causing extra
   injury to most foes and up to half again as much damage against particularly
   susceptible opponents.
   It can also slow down cold-blooded creatures.
   It affects your strength (+3).
   It protects you from negative energy.
Missiles
 c - 179 stones (quivered)
 j - 75 bolts
 m - 20 sling bullets
 s - 79 arrows
 t - 10 boomerangs
 x - 3 datura-tipped darts
 B - a throwing net
Armour
 p - a +1 hat (worn)
   (You found it on level 4 of the Dungeon)
 A - the cursed +0 buckler of Yzasen (worn) {+Fly rC+ Dex-2}
   (You found it on level 5 of the Dungeon)

   It affects your dexterity (-2).
   It protects you from cold.
   It lets you fly.
   It has a curse placed upon it.
Jewellery
 z - a ring of positive energy (left tentacle)
   (You found it on level 5 of the Dungeon)
Wands
 w - a wand of flame (11)
   (You found it on level 5 of the Dungeon)
Scrolls
 a - 3 scrolls of amnesia {unknown}
 e - a scroll of fog {unknown}
 g - 4 scrolls of fear {unknown}
 l - 3 scrolls of identify
 n - 7 scrolls of teleportation
 q - 3 scrolls of magic mapping {unknown}
 r - 2 scrolls of blinking {unknown}
 v - a scroll of remove curse {unknown}
 D - a scroll of immolation {unknown}
Potions
 b - a potion of cancellation
 h - 2 potions of might
 o - a potion of flight
 u - a potion of haste
Comestibles
 f - 9 rations
 C - 4 chunks of flesh


   Skills:
 - Level 3.0 Fighting
 + Level 6.8 Dodging
 - Level 4.0 Stealth
 - Level 4.0 Shields
 - Level 3.0 Spellcasting
 + Level 3.8 Conjurations
 - Level 2.0 Transmutations
 - Level 2.0 Air Magic
 + Level 8.7 Poison Magic


You had one spell level left.
You knew the following spells:

 Your Spells              Type           Power        Failure   Level  Hunger
a - Sting                 Tmut/Pois      ####         2%          1    None
b - Poisonous Vapours     Pois/Air       #####.       3%          2    ##.....
c - Mephitic Cloud        Conj/Pois/Air  ####....     8%          3    ###....
d - Olgreb's Toxic Radia  Pois           ######..     5%          4    ####...
e - Ignite Poison         Fire/Tmut/Pois ###.....     13%         3    ###....

Your spell library contained the following spells:

 Spells                   Type           Power        Failure   Level  Hunger
 Sandblast                Erth           #.....       17%         1    None
 Magic Dart               Conj           ####         4%          1    None
 Conjure Flame            Conj/Fire      ###.....     24%         3    ###....
 Blink                    Tloc           N/A          26%         2    ##.....
 Call Imp                 Summ           #.......     26%         2    ##.....
 Slow                     Hex            #.......     26%         2    ##.....


Dungeon Overview and Level Annotations

Branches:
Dungeon (6/15)             Temple (1/1) D:4         Ossuary (visited)

Altars:
Ashenzari
Cheibriados
Dithmenos
Fedhas
Gozag
Hepliaklqana
Kikubaaqudgha
Makhleb
Nemelex Xobeh
Okawaru
Ru
Trog
Uskayaw
Vehumet
Wu Jian
Xom
Zin
The Shining One

Shops:
D:4 [(**

Annotations:
D:3 2 transporters, Skimidon's ghost, amateur TrBe
D:4 exclusion: phantom
D:6 1 runed translucent door, SKei0's ghost, novice MiFi


Innate Abilities, Weirdness & Mutations

You cannot wear most types of armour.
You are very stealthy in the water. (Stealth+)
You are amphibious.
You can wear up to eight rings at the same time.
You can use your tentacles to constrict eight enemies at once.
Your skin changes colour to match your surroundings (Stealth+).
Your rubbery body absorbs attacks. (AC +1, EV +1)
Your mind is acute. (Int +2)
You are robust. (+10% HP)
Your spells are a little harder to cast, but a little more powerful.


Message History

The wyvern bites you. x2
Dmg: -15%(-9hp) hp: 69%(42hp)
You completely miss the wyvern.
The wyvern is moderately wounded.
The wyvern barely misses you. The wyvern bites you!
* * * LOW HITPOINT WARNING * * *
Huge Dmg: -21%(-13hp) hp: 48%(29hp) Unknown command.
You feel yourself speed up. The wyvern bites you!
* * * LOW HITPOINT WARNING * * *
The wyvern bites you.
* * * LOW HITPOINT WARNING * * *
Huge Dmg: -38%(-23hp) hp: 10%(6hp)
Okay, then.
Unknown command.
Unknown command.
It was a potion of ambrosia.
You are confused.
You feel invigorated. The wyvern bites you!
You die...

.......
#.......................
.<.....
#.......................
.......
#.......................
.......
#.......................
.......
#.......................
#######
#....((.................
#................[......
#.....)l................
#......@(...............
####..###########.###...
##.# ≈[SW≈≈+.# ###8 #.#
#######.# #. #.# ##..#
#. #.. ##.# ## ##+ #(. #
##. # . +


You could see a wyvern.

Vanquished Creatures
  Pikel (D:5)
  Sigmund (D:2)
  An ice beast (D:6)
  A slave (D:5)
  2 sky beasts
  6 ogres
  2 centaurs
  2 crimson imps
  A bullfrog zombie (D:6)
  3 orc priests
  A centaur skeleton (D:6)
  3 hounds
  3 orc wizards
  3 worker ants
  A big kobold zombie (Ossuary)
  2 hound skeletons
  A mummy (Ossuary)
  A worker ant zombie (D:5)
  3 gnolls (D:6)
  8 adders
  A shadow imp (D:6)
  3 worms
  5 dart slugs
  4 leopard geckos
  10 orcs
  10 giant cockroaches
  8 hobgoblins
  21 jackals
  A ball python (D:1)
  8 bats
  6 frilled lizards
  9 goblins
  A goblin zombie (Ossuary)
  6 kobolds
  2 leopard gecko skeletons
  A leopard gecko zombie (D:5)
  10 rats
152 creatures vanquished.

Notes
Turn   | Place    | Note
-------+----------+-------------------------------------------
     0 | D:1      | Canard the Octopode Venom Mage began the quest for the Orb.
     0 | D:1      | Reached XP level 1. HP: 11/11 MP: 3/3
   300 | D:1      | Reached skill level 4 in Poison Magic
   559 | D:1      | Reached XP level 2. HP: 17/17 MP: 1/5
   564 | D:1      | Learned a level 2 spell: Poisonous Vapours
  1023 | D:1      | Reached skill level 5 in Poison Magic
  1023 | D:1      | Reached XP level 3. HP: 10/21 MP: 0/6
  1828 | D:2      | Noticed Sigmund
  1835 | D:1      | Learned a level 3 spell: Mephitic Cloud
  1874 | D:2      | Found a blossoming altar of Fedhas.
  2064 | D:2      | Found a glowing silver altar of Zin.
  2064 | D:2      | Found a snail-covered altar of Cheibriados.
  2064 | D:2      | Found a glowing golden altar of the Shining One.
  2064 | D:2      | Found an opulent altar of Gozag.
  2070 | D:2      | Found an ornate altar of the Wu Jian Council.
  2070 | D:2      | Found a sacrificial altar of Ru.
  2146 | D:2      | Found a hide-covered altar of Uskayaw.
  2206 | D:2      | Reached XP level 4. HP: 20/27 MP: 1/7
  3038 | D:3      | Found a shimmering altar of Xom.
  3094 | D:3      | Found a bloodstained altar of Trog.
  3150 | D:3      | Reached skill level 6 in Poison Magic
  3726 | D:3      | Gained mutation: Your mind is acute. (Int +2) [potion of
                  | mutation]
  3726 | D:3      | Gained mutation: Your spells are a little harder to cast,
                  | but a little more powerful. [potion of mutation]
  3726 | D:3      | Gained mutation: You are robust. (+10% HP) [potion of
                  | mutation]
  3731 | D:3      | Reached skill level 1 in Conjurations
  3731 | D:3      | Reached XP level 5. HP: 12/34 MP: 0/8
  3759 | D:3      | HP: 1/34 [orc priest/nerve-wracking pain (12)]
  3760 | D:3      | Reached skill level 1 in Air Magic
  4205 | D:3      | Found a transporter.
  4208 | D:3      | Noticed Skimidon's ghost (amateur TrBe)
  4355 | D:3      | Found a transporter.
  4761 | D:2      | Killed Sigmund
  4761 | D:2      | Reached XP level 6. HP: 27/39 MP: 1/9
  4984 | D:4      | Noticed a phantom
  4994 | D:4      | Found a staircase to the Ecumenical Temple.
  5003 | Temple   | Entered the Ecumenical Temple
  5073 | Temple   | Became a worshipper of Vehumet
  5225 | D:4      | Reached XP level 7. HP: 40/45 MP: 0/10
  5315 | D:4      | Learned a level 4 spell: Olgreb's Toxic Radiance
  5386 | D:4      | Found Meef's Assorted Antiques.
  5459 | D:4      | Found Siklud's Assorted Antiques.
  5579 | D:4      | Reached skill level 1 in Fighting
  5683 | D:4      | Found Azui's Antique Weapon Shoppe.
  5742 | D:4      | Found Naock's Antique Armour Emporium.
  6195 | D:5      | Entered Level 5 of the Dungeon
  6201 | D:5      | Got a scorched broad axe
  6202 | D:5      | Identified the +0 broad axe "Ofistrulia" {freeze, rN+
                  | Str+3} (You found it on level 5 of the Dungeon)
  6661 | D:5      | Reached skill level 5 in Dodging
  6661 | D:5      | Reached XP level 8. HP: 55/55 MP: 12/12
  6664 | D:5      | Got a transparent buckler
  6670 | D:5      | Identified the cursed +0 buckler of Yzasen {+Fly rC+ Dex-2}
                  | (You found it on level 5 of the Dungeon)
  6813 | D:5      | Noticed Pikel
  6831 | D:5      | Killed Pikel
  6831 | D:5      | Reached skill level 7 in Poison Magic
  7083 | D:5      | Reached * piety under Vehumet
  7083 | D:5      | Offered knowledge of Foxfire by Vehumet.
  7088 | D:5      | Learned a level 3 spell: Ignite Poison
  7296 | D:6      | Found a sand-covered staircase.
  7320 | D:6      | Found a runed translucent door.
  7324 | D:6      | Noticed SKei0's ghost (novice MiFi)
  7337 | Ossuary  | Entered an ossuary
  7684 | D:6      | Reached XP level 9. HP: 55/61 MP: 11/13
  7741 | D:6      | Reached skill level 8 in Poison Magic
  8450 | D:6      | Reached ** piety under Vehumet
  8461 | D:6      | Offered knowledge of Sandblast by Vehumet.
  8465 | D:6      | Mangled by a wyvern

Illustrated notes

Levels and vault maps discovered:
D:1:      nicolae_arrival_memento_mori, layout_basic
D:2:      layout_loops_corners, eat_drink_and_be_merry_uskayaw,
          minmay_overflow_temple_hex, fedhas_ov_isle_minmay, uniq_sigmund
D:3:      layout_loops_corners, xom_teletrap_fun, lemuel_round_altar,
          gammafunk_ghost_stat_death, kennysheep_generic_room_2
D:4:      layout_basic, temple_fountains, serial_shops, shop, shop,
          kennysheep_mini_moat, nicolae_shop_behind_doors, minmay_quadrilaterals
D:5:      layout_basic, first_ration, uniq_pikel
D:6:      layout_basic, nicolae_ossuary_entry_monument, ebering_ghost_sewer_d
Temple:   compressed_dpeg_triangle_lava_temple

Skill      XL: |  1  2  3  4  5  6  7  8  9 |
---------------+----------------------------+-----
Poison Magic   | 4 5 6 7 8 |  8.7
Stealth        | 3 4 |  4.0
Conjurations   | 1 2 3 |  3.8
Air Magic      | 2 |  2.0
Dodging        | 3 4 5 6 |  6.8
Transmutations | 2 |  2.0
Fighting       | 2 3 |  3.0
Spellcasting   | 3 |  3.0
Shields        | 4 |  4.0

Action                   |  1- 3 |  4- 6 |  7- 9 || total
-------------------------+-------+-------+-------++-------
Melee: Unarmed           |     5 |       |       ||     5
       Constrict         |    10 |    12 |    33 ||    55
       Tentacles         |     2 |     8 |    19 ||    29
       Dagger            |    28 |    58 |    21 ||   107
       Broad axe         |       |       |    76 ||    76
 Cast: Sting             |    41 |    47 |    28 ||   116
       Poisonous Vapours |     3 |    19 |    47 ||    69
       Mephitic Cloud    |       |     3 |     7 ||    10
       Ignite Poison     |       |       |     2 ||     2
Evoke: Wand              |       |       |     2 ||     2
  Use: Potion            |       |     5 |     2 ||     7
       Scroll            |       |       |     4 ||     4
 Stab: Sleeping          |     3 |     5 |     4 ||    12
       Confused          |       |     1 |       ||     1
  Eat: Chunk             |     5 |    11 |    10 ||    26
       Ration            |       |       |     1 ||     1
Armor: Skin              |     1 |     2 |    12 ||    15
Dodge: Dodged            |    23 |    36 |   110 ||   169
Block: Buckler           |       |       |    10 ||    10
